 Dungeon Crawl Stone Soup version 0.31-a0-986-g5e6e4ef867 (webtiles) character file.

Game seed: 4405673349389893277

7 skwerlee the Shooter (level 2, 31/31 HPs)
             Began as an Ogre Hunter on Nov 15, 2023.
             Quit the game on level 1 of the Dungeon.
             The game lasted 00:01:09 (196 turns).

skwerlee the Shooter (Ogre Hunter)                   Turns: 196, Time: 00:01:09

Health: 31/31      AC:  3    Str: 14    XL:     2   Next: 4%
Magic:  2/2        EV: 10    Int: 10    God:
Gold:   9          SH:  0    Dex: 12    Spells: 1/1 levels left

rFire   . . .        a - +0 shortbow
rCold   . . .        (shield currently unavailable)
rNeg    . . .        c - +0 robe
rPois   .            (helmet restricted)
rElec   .            (no cloak)
rCorr   .            (gloves unavailable)
SInv    .            (boots unavailable)
Will    .....        (no amulet)
Stlth   +            (no ring)
HPRegen 0.25/turn    (no ring)
MPRegen 0.08/turn

%: no passive effects
@: no status effects
A: large, unfitting armour, tough skin 1
a: no special abilities


You were on level 1 of the Dungeon.
You visited 1 branch of the dungeon, and saw 1 of its levels.

You collected 9 gold pieces.

Inventory:

Hand Weapons
 a - a +0 shortbow (weapon)
Armour
 c - a +0 robe (worn)
Scrolls
 b - a scroll of butterflies
 d - a scroll of fog {unknown}
 e - 2 scrolls of identify {unknown}
Potions
 f - a potion of resistance {unknown}


   Skills:
 + Level 3.1 Fighting
 + Level 3.1 Ranged Weapons
 + Level 1.7 Dodging
 + Level 0.6 Stealth


You had one spell level left.
You didn't know any spells.
Your spell library was empty.

Dungeon Overview and Level Annotations

Branches:
Dungeon (1/15)

Altars:


Innate Abilities, Weirdness & Mutations

You are too large for most types of armour.
You have tough skin. (AC +1)


Message History

No target in view!
Found a stone staircase leading down.
No target in view!
An endoplasm comes into view.
An endoplasm is nearby!
You shoot an arrow. The arrow hits the endoplasm!
You kill the endoplasm!
An endoplasm comes into view.
You shoot an arrow. The arrow hits the endoplasm.
The endoplasm is severely wounded.
An endoplasm is nearby!
You shoot an arrow. The arrow hits the endoplasm.
You kill the endoplasm!
Found a trident.
No target in view!
A frilled lizard comes into view.
You see here a scroll labelled XYPOLYDWAI.
You shoot an arrow.
The arrow hits the frilled lizard but does no damage.
The frilled lizard hisses angrily.
A frilled lizard is nearby!
A frilled lizard is nearby!
You shoot an arrow. The arrow hits the frilled lizard!
You kill the frilled lizard!
e - 2 scrolls labelled XYPOLYDWAI (gained 1)
A dart slug comes into view.
You shoot an arrow. The arrow hits the dart slug!
The dart slug is almost dead.
A dart slug is nearby!
You shoot an arrow. The arrow hits the dart slug.
The dart slug is almost dead.
Found a stone staircase leading down.
You shoot an arrow. The arrow hits the dart slug.
You kill the dart slug!
Your Fighting skill increases to level 3!
You have reached level 2!
Your library has no spells.
Your library has no spells.
Unknown command.
Are you sure you want to abandon this character and quit the game? (Confirm with "yes".)

.#..#.....#....
....##...##....
....###.## ... .#### #.#
##.# # ..## #.# ##..#
##.# ...####.####...#
.#.# .......<........
...
...####.####...##.#.#.#.
..## #.# #..#@.†.†...
.#### #.# ####..#.#.#.#>
..).###.###............
#...##...##.....#.#.#.#
###.#.....#.##........
............##.##.#.#.#
####.#####.....# ...#..#
#.# ####..# #.## .# #
#.# ##.# .


There were no monsters in sight!

Vanquished Creatures
  A dart slug (D:1)
  2 endoplasms (D:1)
  A quokka (D:1)
  A frilled lizard (D:1)
5 creatures vanquished.

Notes
Turn   | Place    | Note
-------+----------+-------------------------------------------
     0 | D:1      | skwerlee the Ogre Hunter began the quest for the Orb.
     0 | D:1      | Reached XP level 1. HP: 22/22 MP: 1/1
   196 | D:1      | Reached XP level 2. HP: 31/31 MP: 2/2
   196 | D:1      | Quit the game

Illustrated notes

Levels and vault maps discovered:
D:1:      roderic_crossed_star, layout_loops_ring, st_stairs_9

Skill      XL: |  1 |
---------------+----+-----
Ranged Weapons | 3 |  3.1
Fighting       | 3 |  3.1
Dodging        | |  1.7
Stealth        | |  0.6

Action                     || total
---------------------------++-------
   Fire: Shortbow          ||    10

Table legend: (Time is in decaauts)
 A = Elapsed time spent in this place.
 B = Non-inter-level travel time spent in this place.
 C = Inter-level travel time spent in this place.
 D = Time resting spent in this place.
 E = Time spent auto-exploring this place.
 F = Levels seen in this place.
 G = Mean time per level.
                   A        B        C        D        E       F      G
               +--------+--------+--------+--------+--------+-----+--------+
         Total |    198 |    198 |      0 |      0 |    172 |   1 |  198.0 |
       Dungeon |    198 |    198 |      0 |      0 |    172 |   1 |  198.0 |
               +--------+--------+--------+--------+--------+-----+--------+

Top non-repeatable levels by time:
     D:1: 198 daAuts
